 Dungeon Crawl Stone Soup version 0.31-a0-523-g071a6c1 (webtiles) character file.

Game seed: 5967349830773309015

4814 OneMR the Magician (level 10, -6/74 HPs)
             Began as a Gnoll Air Elementalist on Aug 11, 2023.
             Was a Believer of Kikubaaqudgha.
             Mangled by an orc warrior
             ... wielding a +0 halberd
              (12 damage)
             ... in a bailey.
             The game lasted 00:20:28 (8576 turns).

OneMR the Magician (Gnoll Air Elementalist)         Turns: 8576, Time: 00:20:29

Health: -6/74      AC:  4    Str:  8    XL:     10   Next: 48%
Magic:  10/21      EV: 16    Int: 18    God:    Kikubaaqudgha [**....]
Gold:   472        SH:  6    Dex: 19    Spells: 4/23 levels left

rFire   . . .        A - staff of death
rCold   . . .        g - +0 buckler
rNeg    + . .        o - +0 robe
rPois   .            E - +0 helmet
rElec   .            w - +0 cloak
rCorr   .            (no gloves)
SInv    .            (no boots)
Will    +....        D - amulet of the acrobat
Stlth   ++++         v - ring of willpower
HPRegen 0.32/turn    B - +6 ring of dexterity
MPRegen 0.17/turn

%: acrobat
@: very slightly contaminated
A: fangs 1, strong nose, distributed training
a: Renounce Religion, Unearth Wretches


You were in a bailey.
You worshipped Kikubaaqudgha.
Kikubaaqudgha was pleased with you.
You visited 2 branches of the dungeon, and saw 9 of its levels.
You also visited: Sewer and Bailey.

You collected 472 gold pieces.

Inventory:

Hand Weapons
 a - a +2 flail of pain
 e - a +0 morningstar
Armour
 g - a +0 buckler (worn)
 o - a +0 robe (worn)
 w - a +0 cloak (worn)
 E - a +0 helmet (worn)
Magical Staves
 A - a staff of death (weapon)
Jewellery
 v - a ring of willpower (left hand)
 z - a ring of see invisible
 B - a +6 ring of dexterity (right hand)
 D - an amulet of the acrobat (around neck)
Talismans
 l - a storm talisman
Wands
 y - a wand of roots (5)
 G - a wand of paralysis (5)
Scrolls
 d - 2 scrolls of revelation
 k - 2 scrolls of teleportation
 m - 2 scrolls of blinking
 n - 2 scrolls of vulnerability
 p - a scroll of butterflies
 s - a scroll of poison
 x - a scroll of enchant weapon {unknown}
 C - a scroll of fog {unknown}
Potions
 b - 3 potions of magic
 c - 6 potions of curing {unknown}
 f - 3 potions of might {unknown}
 h - 4 potions of heal wounds {unknown}
 i - 5 potions of brilliance {unknown}
 j - 6 potions of mutation {unknown}
 q - 2 potions of haste {unknown}
 r - a potion of cancellation {unknown}
 t - a potion of attraction {unknown}
 u - 3 potions of berserk rage {unknown}
 F - a potion of enlightenment {unknown}
 H - a potion of experience {unknown}
 I - a potion of invisibility {unknown}
 J - 2 potions of resistance {unknown}


   Skills:
 + Level 5.4 Fighting
 + Level 5.4 Short Blades
 + Level 5.4 Long Blades
 + Level 5.4 Axes
 + Level 5.4 Maces & Flails
 + Level 5.4 Polearms
 + Level 5.4 Staves
 + Level 5.4 Ranged Weapons
 + Level 5.4 Throwing
 + Level 5.4 Armour
 + Level 7.2 Dodging
 + Level 6.9 Stealth
 + Level 5.4 Shields
 + Level 5.4 Unarmed Combat
 + Level 7.4 Spellcasting
 + Level 5.0 Conjurations
 + Level 4.4 Hexes
 + Level 4.4 Summonings
 + Level 4.4 Necromancy
 + Level 4.4 Translocations
 + Level 4.4 Transmutations
 + Level 4.4 Fire Magic
 + Level 4.4 Ice Magic
 + Level 7.1 Air Magic
 + Level 4.4 Earth Magic
 + Level 4.4 Poison Magic
 + Level 6.0 Invocations
 + Level 5.4 Evocations
 + Level 4.4 Shapeshifting


You had 4 spell levels left.
You knew the following spells:

 Your Spells              Type           Power      Damage    Failure   Level
a - Shock                 Conj/Air       100%       1d9       1%          1
b - Static Discharge      Conj/Air       56%        2-5/arc   1%          2
c - Blink                 Tloc           44%        N/A       3%          2
d - Vampiric Draining     Necr           34%        2d8       7%          3
e - Airstrike             Air            16%        2d(3-19)  8%          4
f - Sublimation of Blood  Necr           34%        N/A       3%          2
g - Irradiate             Conj/Tmut      11%        3d15      52%         5

Your spell library contained the following spells:

 Spells                   Type           Power      Damage    Failure   Level
 Magic Dart               Conj           96%        1d7       1%          1
 Kiss of Death            Conj/Necr      100%       2d13      2%          1
 Necrotise                Necr           100%       1d9       2%          1
 Searing Ray              Conj           48%        2d6       2%          2
 Swiftness                Air            32%        N/A       2%          3
 Lesser Beckoning         Tloc           44%        N/A       3%          2
 Momentum Strike          Conj/Tloc      46%        3d9       3%          2
 Scorch                   Fire           44%        2d6       3%          2
 Flame Wave               Conj/Fire      23%        2d8       22%         4
 Fulminant Prism          Conj/Hex       11%        3d8       22%         4
 Animate Dead             Necr           34%        N/A       24%         4
 Petrify                  Tmut/Erth      22%        N/A       24%         4
 Agony                    Necr           34%        N/A       54%         5
 Summon Cactus Giant      Summ           11%        N/A       98%         6


Dungeon Overview and Level Annotations

Branches:
Dungeon (8/15)             Temple (1/1) D:5           Sewer (visited)
 Bailey (1/1)
   Lair: D:8-11

Altars:
Ashenzari
Cheibriados
Dithmenos
Elyvilon
Fedhas
Gozag
Hepliaklqana
Kikubaaqudgha
Makhleb
Okawaru
Qazlal
Ru
Sif Muna
Trog
Uskayaw
Vehumet
Wu Jian
Yredelemnul
Zin
The Shining One

Shops:
D:1 =   D:5 (

Annotations:
D:5 2 transporters


Innate Abilities, Weirdness & Mutations

You have very sharp teeth.
Your uncanny sense of smell can sniff out nearby items.
Your experience applies equally to all skills.


Message History

Aiming: Vampiric Draining (dangerous; 7% risk of failure)
Press: ? - help, Shift-Dir - straight line, f - orc warrior
Aim: an orc warrior, wielding a +0 halberd and wearing a +0 chain mail (lightly wounded)
You feel a surge of power!
You draw life force from the orc warrior.
You feel life coursing into your body.
The orc warrior hits you with a +0 halberd!
* * * LOW HITPOINT WARNING * * *
Unknown command.
Casting: Vampiric Draining (dangerous; 7% risk of failure)
Confirm with . or Enter, or press ? or * to list all spells.
Aiming: Vampiric Draining (dangerous; 7% risk of failure)
Press: ? - help, Shift-Dir - straight line, f/p - orc warrior
Aim: an orc warrior, wielding a +0 halberd and wearing a +0 chain mail (lightly wounded)
You feel a surge of power!
You draw life force from the orc warrior!
You feel life coursing into your body. You block the orc warrior's attack.
Unknown command.
Casting: Vampiric Draining (dangerous; 7% risk of failure)
Confirm with . or Enter, or press ? or * to list all spells.
Aiming: Vampiric Draining (dangerous; 7% risk of failure)
Press: ? - help, Shift-Dir - straight line, f/p - orc warrior
Aim: an orc warrior, wielding a +0 halberd and wearing a +0 chain mail (heavily wounded)
You feel a surge of power!
You draw life force from the orc warrior.
You feel life coursing into your body.
The orc warrior hits you with a +0 halberd.
* * * LOW HITPOINT WARNING * * *
Unknown command.
Casting: Vampiric Draining (dangerous; 7% risk of failure)
Confirm with . or Enter, or press ? or * to list all spells.
Aiming: Vampiric Draining (dangerous; 7% risk of failure)
Press: ? - help, Shift-Dir - straight line, f/p - orc warrior
Aim: an orc warrior, wielding a +0 halberd and wearing a +0 chain mail (severely wounded)
You feel a surge of power!
You miscast Vampiric Draining.
You are very lightly contaminated with residual magic.
Nothing appears to happen.
The orc warrior hits you with a +0 halberd!
You die...
Kikubaaqudgha rasps: "You have failed me!
Welcome... death!"

####### ############
####.....## ##........∩.##
..#.......######.....#......#
).'...##).#...)#@...###.....#
..'....8..))...o.....8.....∩#
..'...##..#)...#....###.....#
..#.......######.....#......#
####)....## ##..)).)).∩.##
####### ############


You could see an orc warrior.

Vanquished Creatures
  A human (D:7)
  4 hogs (D:7)
  A steam dragon (D:5)
  A water moccasin (D:6)
  10 orc warriors
  A sky beast (D:5)
  A hornet zombie (D:7)
  A black bear (D:5)
  3 ice beasts
  A centaur (D:6)
  2 phantoms
  A kobold brigand (D:6)
  A gnoll sergeant (D:7)
  Blork the orc (D:6)
  4 bullfrogs
  4 scorpions
  A necrophage (D:7)
  2 wights (D:7)
  A water moccasin zombie (D:7)
  3 killer bees (D:7)
  A bullfrog zombie (D:7)
  A human zombie (D:7)
  2 centaur zombies (D:7)
  5 orc priests
  5 hounds
  4 jellies
  5 iguanas
  3 orc wizards
  3 mummies (D:7)
  10 gnolls
  3 river rats (Sewer)
  6 adders
  2 shadow imps
  An ufetubus (D:5)
  3 worms
  3 dart slugs
  35 orcs
  4 bats
  3 bat zombies (D:3)
  12 endoplasms
  10 giant cockroaches
  6 hobgoblins
  3 jackals (D:1)
  10 kobolds
  3 quokkas
  10 ball pythons
  10 frilled lizards
  6 goblins
  6 rats
  A rat zombie (D:3)
220 creatures vanquished.

Notes
Turn   | Place    | Note
-------+----------+-------------------------------------------
     0 | D:1      | OneMR the Gnoll Air Elementalist began the quest for the
                  | Orb.
     0 | D:1      | Reached XP level 1. HP: 13/13 MP: 6/6
   127 | D:1      | You fall into a shaft and drop 1 floor!
   219 | D:1      | Reached XP level 2. HP: 19/19 MP: 5/7
   342 | D:1      | Found Tubor's Jewellery Shop.
  1143 | D:2      | Reached XP level 3. HP: 25/25 MP: 7/9
  1149 | D:2      | Reached skill level 5 in Spellcasting
  1156 | D:2      | Learned a level 2 spell: Static Discharge
  1177 | D:2      | Learned a level 2 spell: Blink
  1379 | D:2      | Reached skill level 1 in Invocations
  1520 | D:2      | Found a faded altar of an unknown god.
  1609 | D:3      | Learned a level 3 spell: Vampiric Draining
  1628 | D:2      | Reached skill level 1 in Fighting
  1628 | D:2      | Reached skill level 1 in Short Blades
  1628 | D:2      | Reached skill level 1 in Long Blades
  1628 | D:2      | Reached skill level 1 in Axes
  1628 | D:2      | Reached skill level 1 in Maces & Flails
  1628 | D:2      | Reached skill level 1 in Polearms
  1628 | D:2      | Reached skill level 1 in Staves
  1628 | D:2      | Reached skill level 1 in Ranged Weapons
  1628 | D:2      | Reached skill level 1 in Throwing
  1628 | D:2      | Reached skill level 1 in Armour
  1628 | D:2      | Reached skill level 1 in Shields
  1628 | D:2      | Reached skill level 1 in Unarmed Combat
  1628 | D:2      | Reached skill level 1 in Evocations
  1694 | D:3      | Found a glowing drain.
  1705 | Sewer    | Entered a sewer
  1723 | Sewer    | Reached XP level 4. HP: 19/32 MP: 9/11
  1988 | Sewer    | Reached skill level 1 in Hexes
  1988 | Sewer    | Reached skill level 1 in Summonings
  1988 | Sewer    | Reached skill level 1 in Necromancy
  1988 | Sewer    | Reached skill level 1 in Translocations
  1988 | Sewer    | Reached skill level 1 in Transmutations
  1988 | Sewer    | Reached skill level 1 in Fire Magic
  1988 | Sewer    | Reached skill level 1 in Ice Magic
  1988 | Sewer    | Reached skill level 1 in Earth Magic
  1988 | Sewer    | Reached skill level 1 in Poison Magic
  1988 | Sewer    | Reached skill level 1 in Shapeshifting
  2063 | Sewer    | Reached XP level 5. HP: 37/37 MP: 6/12
  2063 | Sewer    | Found a viscous altar of Jiyva.
  2764 | D:3      | Found an ancient bone altar of Kikubaaqudgha.
  2813 | D:4      | Noticed a phantom
  2871 | D:4      | Reached XP level 6. HP: 44/44 MP: 10/14
  3095 | D:4      | Reached skill level 5 in Dodging
  3442 | D:4      | Learned a level 4 spell: Airstrike
  3661 | D:4      | Reached XP level 7. HP: 29/51 MP: 10/15
  3875 | D:5      | Entered Level 5 of the Dungeon
  4016 | D:5      | Reached skill level 5 in Stealth
  4087 | D:5      | Noticed a steam dragon
  4233 | D:5      | Found a snail-covered altar of Cheibriados.
  4233 | D:5      | Found a bloodstained altar of Trog.
  4238 | D:5      | Noticed a troll
  4275 | D:5      | Found a transporter.
  4303 | D:5      | Found a transporter.
  4320 | D:5      | Killed a steam dragon
  4321 | D:5      | Reached XP level 8. HP: 37/58 MP: 4/16
  4556 | D:5      | Found Paloroex's Antique Weapon Shoppe.
  4799 | D:5      | Learned a level 2 spell: Sublimation of Blood
  4805 | D:5      | Learned a level 5 spell: Irradiate
  4995 | D:5      | Found a staircase to the Ecumenical Temple.
  5008 | Temple   | Entered the Ecumenical Temple
  5111 | D:3      | Became a worshipper of Kikubaaqudgha
  5334 | D:6      | Found a white marble altar of Elyvilon.
  5533 | D:6      | Noticed Blork the orc
  5542 | D:6      | Killed Blork the orc
  5718 | D:6      | Reached XP level 9. HP: 65/65 MP: 11/18
  6315 | D:6      | Reached * piety under Kikubaaqudgha
  6315 | D:6      | Received a gift from Kikubaaqudgha
  6875 | D:7      | Reached skill level 5 in Invocations
  7491 | D:7      | Reached XP level 10. HP: 61/73 MP: 14/20
  7532 | D:7      | Found a basalt altar of Yredelemnul.
  7539 | D:7      | Reached ** piety under Kikubaaqudgha
  7714 | D:7      | Reached skill level 5 in Fighting
  7714 | D:7      | Reached skill level 5 in Short Blades
  7714 | D:7      | Reached skill level 5 in Long Blades
  7714 | D:7      | Reached skill level 5 in Axes
  7714 | D:7      | Reached skill level 5 in Maces & Flails
  7714 | D:7      | Reached skill level 5 in Polearms
  7714 | D:7      | Reached skill level 5 in Staves
  7714 | D:7      | Reached skill level 5 in Ranged Weapons
  7714 | D:7      | Reached skill level 5 in Throwing
  7714 | D:7      | Reached skill level 5 in Armour
  7714 | D:7      | Reached skill level 5 in Shields
  7714 | D:7      | Reached skill level 5 in Unarmed Combat
  7714 | D:7      | Reached skill level 5 in Evocations
  7936 | D:8      | Found a flagged portal.
  7952 | Bailey   | Entered a bailey
  8340 | Bailey   | Reached skill level 5 in Conjurations
  8573 | Bailey   | HP: 3/74 [orc warrior/+0 halberd (16)]
  8576 | Bailey   | Mangled by an orc warrior

Illustrated notes

Levels and vault maps discovered:
D:1:      elethiomel_arrival_fortress_basement, layout_basic, serial_shops,
          nicolae_shop_pleasant_corner_grove
D:2:      layout_rooms, ebering_ecumenical_altar_mist
D:3:      layout_rooms, lemuel_zombie_altar_kikubaaqudgha,
          cheibrodos_sewer_entry_drain
D:4:      layout_gridville, minmay_quadrilaterals
D:5:      layout_cave_pools, gammafunk_temple_overflow_arena, temple_green,
          serial_shops, nicolae_shop_hallway_stairs
D:6:      layout_rooms, mainiacjoe_overflow_chevrons, minmay_liquid_box,
          uniq_blork_the_orc
D:7:      layout_rooms, lemuel_mausoleum_altar_yredelemnul, grunt_livestock
D:8:      layout_basic, general_overflow_altar, dpeg_lair_monsters,
          enter_bailey_2, lightli_orcish_oven
Temple:   eino_wide_crystal_templ
Bailey:   bailey_polearm_5, bailey

Skill      XL: |  1  2  3  4  5  6  7  8  9 10 |
---------------+-------------------------------+-----
Conjurations   | 2 3 4 5 |  5.0
Spellcasting   | 5 6 7 |  7.4
Invocations    | 1 2 3 4 5 6 |  6.0
Fighting       | 1 2 3 4 5 |  5.4
Short Blades   | 1 2 3 4 5 |  5.4
Long Blades    | 1 2 3 4 5 |  5.4
Axes           | 1 2 3 4 5 |  5.4
Maces & Flails | 1 2 3 4 5 |  5.4
Polearms       | 1 2 3 4 5 |  5.4
Staves         | 1 2 3 4 5 |  5.4
Ranged Weapons | 1 2 3 4 5 |  5.4
Throwing       | 1 2 3 4 5 |  5.4
Armour         | 1 2 3 4 5 |  5.4
Shields        | 1 2 3 4 5 |  5.4
Unarmed Combat | 1 2 3 4 5 |  5.4
Evocations     | 1 2 3 4 5 |  5.4
Hexes          | 1 2 3 4 |  4.4
Summonings     | 1 2 3 4 |  4.4
Necromancy     | 1 2 3 4 |  4.4
Translocations | 1 2 3 4 |  4.4
Transmutations | 1 2 3 4 |  4.4
Fire Magic     | 1 2 3 4 |  4.4
Ice Magic      | 1 2 3 4 |  4.4
Earth Magic    | 1 2 3 4 |  4.4
Poison Magic   | 1 2 3 4 |  4.4
Shapeshifting  | 1 2 3 4 |  4.4
Dodging        | 5 6 7 |  7.2
Stealth        | 5 6 |  6.9
Air Magic      | 6 7 |  7.1

Action                     |  1- 3 |  4- 6 |  7- 9 | 10-12 || total
---------------------------+-------+-------+-------+-------++-------
  Melee: Morningstar       |    39 |       |     6 |       ||    45
         Flail             |    16 |    79 |       |       ||    95
         Bite              |     2 |     8 |     3 |       ||    13
         Staff             |       |     7 |    11 |       ||    18
   Cast: Shock             |    46 |   101 |   298 |    87 ||   532
         Airstrike         |       |       |     6 |       ||     6
         Static Discharge  |       |       |     1 |       ||     1
         Vampiric Draining |       |       |     2 |    10 ||    12
         Sublimation of Bl |       |       |       |     5 ||     5
    Use: Scroll            |       |     3 |     2 |     1 ||     6
   Stab: Sleeping          |     6 |     6 |     1 |       ||    13
 Armour: Robe              |    14 |    36 |    18 |     6 ||    74
  Dodge: Dodged            |    53 |    79 |   114 |    30 ||   276
  Block: Buckler           |    16 |    31 |    28 |    16 ||    91

Table legend: (Time is in decaauts)
 A = Elapsed time spent in this place.
 B = Non-inter-level travel time spent in this place.
 C = Inter-level travel time spent in this place.
 D = Time resting spent in this place.
 E = Time spent auto-exploring this place.
 F = Levels seen in this place.
 G = Mean time per level.
                   A        B        C        D        E       F      G
               +--------+--------+--------+--------+--------+-----+--------+
         Total |   8660 |   8173 |    487 |    598 |   5633 |  11 |  787.3 |
       Dungeon |   7471 |   6985 |    486 |    349 |   5143 |   8 |  933.9 |
        Temple |      1 |      0 |      1 |      0 |      0 |   1 |    1.0 |
         Sewer |    563 |    563 |      0 |     67 |    291 |   1 |  563.0 |
        Bailey |    623 |    623 |      0 |    182 |    199 |   1 |  623.0 |
               +--------+--------+--------+--------+--------+-----+--------+

Top non-repeatable levels by time:
     D:7: 1566 daAuts
     D:5: 1307 daAuts
     D:1: 1076 daAuts
     D:4: 1073 daAuts
     D:6: 1033 daAuts
     D:3: 788 daAuts
  Bailey: 623 daAuts
     D:2: 593 daAuts
   Sewer: 563 daAuts
     D:8: 31 daAuts
  Temple: 1 daAuts
